Map: Polka LE

Players

SirFettFisch

  • Race: Protoss Protoss
  • League: Diamond
  • Spawn Location: 5:00

Voidcommando

  • Race: Zerg Zerg
  • League: Silver
  • Spawn Location: 5:00

Massa - Winner!

  • Race: Terran Terran
  • League: Platinum
  • Spawn Location: 11:00

qqq - Winner!

  • Race: Protoss Protoss
  • League: Platinum
  • Spawn Location: 11:00

VOD

Have the link to the VOD?

Description

Time

  • Played on: Dec. 31, 2020, 7:12 a.m.
  • Length: 8:33
Show
View Real Time Build Order
Export as new Build Order

SirFettFisch Protoss 

Build Orders:  

Get SALT Encoding   

  12  0:00  Probe  
  13  0:13  Probe  
  14  0:21  Pylon  
  14  0:25  Probe  
  15  0:39  Probe  
  16  0:51  Probe (Chrono Boost)  
  17  1:03  Probe (Chrono Boost)  
  18  1:06  Nexus  
  18  1:10  Probe (Chrono Boost)  
  19  1:19  Forge  
  19  1:24  Probe  
  20  1:34  Pylon  
  20  1:36  Probe  
  21  1:49  Probe (Chrono Boost)  
  21  1:53  Gateway  
  22  1:57  Photon Cannon  
  22  1:59  Probe (Chrono Boost)  
  23  2:04  Probe (Chrono Boost)  
  20  2:18  Probe (Chrono Boost)  
  21  2:25  Probe (Chrono Boost)  
  23  2:34  Probe x2 (Chrono Boost)  
  24  2:38  Assimilator  
  24  2:42  Assimilator  
  24  2:46  Pylon  
  24  2:48  Pylon  
  24  2:56  Probe x2  
  26  3:08  Probe x2  
  26  3:09  Photon Cannon  
  26  3:10  Photon Cannon  
  26  3:12  Photon Cannon  
  28  3:14  Pylon  
  28  3:20  Probe  
  29  3:29  Gateway  
  25  3:44  Photon Cannon  
  25  3:46  Photon Cannon  
  23  4:20  Nexus  
  21  4:55  Probe  
  22  5:00  Cybernetics Core  
  22  5:07  Probe  
  23  5:15  Assimilator  
  23  5:19  Probe  
  24  5:31  Probe  
  24  5:35  Warp Gate (Chrono Boost)  
  25  5:45  Photon Cannon  
  25  5:50  Probe x2 (Chrono Boost)  
  25  5:56  Pylon  
  27  6:02  Probe (Chrono Boost)  
  27  6:03  Probe (Chrono Boost)  
  29  6:07  Pylon  
  29  6:09  Probe (Chrono Boost)  
  30  6:19  Twilight Council  
  30  6:22  Probe x2 (Chrono Boost)  
  32  6:31  Probe (Chrono Boost)  
  32  6:32  Probe (Chrono Boost)  
  34  6:36  Probe x2 (Chrono Boost)  
  36  6:43  Photon Cannon  
  36  6:49  Gateway  
  36  6:52  Probe (Chrono Boost), Gateway  
  38  7:02  Probe (Chrono Boost), Photon Cannon  
  39  7:15  Probe x2  
  39  7:19  Pylon  
  40  7:27  Probe  
  40  7:28  Probe, Stalker  
  44  7:34  Dark Shrine  
  40  7:52  Zealot x2  
  37  8:14  Stalker x2  
  37  8:15  Stalker  
Show
View Real Time Build Order
Export as new Build Order

Voidcommando Zerg 

Build Orders: Hatch First, Ravager All-In 

Get SALT Encoding   

  12  0:00  Drone  
  13  0:12  Overlord  
  13  0:18  Drone  
  14  0:31  Drone x2  
  14  0:34  Drone  
  17  0:54  Hatchery  
  16  1:01  Drone  
  16  1:02  Drone  
  18  1:21  Drone x2  
  20  2:02  Drone x2  
  21  2:25  Drone x5  
  21  2:29  Spawning Pool  
  25  2:30  Extractor  
  25  2:37  Drone x2, Spawning Pool  
  24  2:39  Drone  
  27  2:58  Extractor  
  26  3:06  Drone x2  
  26  3:07  Overlord  
  26  3:08  Overlord  
  28  3:27  Roach Warren  
  27  3:29  Extractor  
  27  3:31  Drone x5  
  27  3:32  Extractor  
  30  3:37  Overlord  
  30  3:39  Queen x2  
  34  4:06  Roach x2  
  34  4:07  Roach x4  
  46  4:26  Overlord x2  
  47  4:31  Ravager  
  47  4:32  Ravager x4  
  47  4:35  Zergling x2  
  47  4:37  Overlord  
  52  4:53  Zergling x2  
  52  4:54  Zergling x16  
  61  5:11  Zergling x6  
  60  5:37  Zergling x2  
  60  5:38  Zergling x8  
  61  5:55  Drone x3  
  64  6:11  Drone x3  
  67  6:23  Hatchery  
  66  6:40  Hatchery  
  66  6:42  Hatchery  
  64  6:54  Baneling Nest  
  64  6:56  Metabolic Boost  
  62  7:25  Zergling x2  
  62  7:26  Zergling x8, Roach x2  
  62  7:27  Zergling x4, Roach  
  58  7:41  Zergling x12, Roach x5  
  52  8:11  Zergling x4  
  52  8:12  Zergling x12, Roach x7  
Show
View Real Time Build Order
Export as new Build Order

Massa Terran - Winner!

Build Orders:  

Get SALT Encoding   

  12  0:00  SCV  
  13  0:12  SCV  
  14  0:20  Supply Depot  
  14  0:24  SCV  
  15  0:42  SCV  
  16  0:44  Barracks  
  16  0:49  Refinery  
  16  0:54  SCV  
  17  1:06  SCV  
  17  1:07  Supply Depot  
  18  1:18  SCV  
  18  1:24  Barracks  
  19  1:27  Barracks  
  19  1:39  Orbital Command  
  19  1:44  Marine  
  20  1:58  Supply Depot  
  20  2:01  Marine  
  21  2:08  SCV  
  21  2:15  Engineering Bay  
  22  2:23  SCV  
  22  2:25  Marine x3  
  26  2:49  Missile Turret  
  26  2:55  Command Center  
  26  3:01  Marine x2  
  26  3:03  Barracks Tech Lab  
  28  3:11  SCV, Missile Turret  
  29  3:19  Marine x2  
  31  3:29  SCV  
  32  3:34  Factory, Stimpack  
  32  3:41  SCV, Terran Infantry Weapons Level 1  
  33  3:49  Barracks Reactor  
  33  3:53  SCV  
  34  4:00  Missile Turret  
  34  4:02  Marine  
  35  4:03  Marine  
  36  4:19  Marine  
  36  4:20  Orbital Command  
  36  4:21  Marine  
  38  4:25  Factory Tech Lab  
  38  4:30  Starport  
  38  4:34  Refinery  
  38  4:37  Marine  
  40  4:45  SCV x2  
  40  4:49  Marauder  
  40  4:50  Marine  
  44  4:57  SCV  
  45  5:06  Refinery x2, SCV  
  46  5:08  Marine x2  
  46  5:10  SCV, Marine  
  46  5:11  Marauder  
  52  5:18  SCV  
  53  5:22  SCV  
  54  5:31  Supply Depot  
  54  5:33  Combat Shield, Supply Depot  
  54  5:45  Terran Infantry Armor Level 1  
  54  5:52  Marine x2, Medivac  
  54  5:53  Widow Mine, SCV x2  
  62  6:00  Supply Depot  
  62  6:03  Supply Depot  
  62  6:05  SCV x2, Marauder  
  62  6:07  Marine  
  67  6:14  Siege Tank  
  70  6:21  SCV, Supply Depot  
  70  6:23  Supply Depot  
  73  6:26  Marauder  
  73  6:28  Starport Reactor, Supply Depot  
  73  6:40  Marine  
  73  6:41  Marine x2  
  73  6:47  Widow Mine  
  78  6:48  Marauder  
  80  6:58  Marine x2  
  82  7:09  Marauder  
  82  7:36  Medivac x2  
  83  7:38  Marauder, Marine  
  83  7:39  Siege Tank  
  85  7:59  Marauder  
Show
View Real Time Build Order
Export as new Build Order

qqq Protoss - Winner!

Build Orders:  

Get SALT Encoding   

  12  0:00  Probe  
  13  0:14  Pylon  
  13  0:19  Probe  
  14  0:36  Forge  
  14  0:38  Probe  
  15  1:05  Pylon  
  15  1:12  Pylon  
  15  1:19  Pylon  
  15  1:22  Pylon  
  15  1:26  Photon Cannon  
  15  1:35  Photon Cannon  
  15  1:45  Pylon  
  14  2:02  Photon Cannon  
  14  2:04  Photon Cannon  
  14  2:18  Photon Cannon  
  14  2:33  Photon Cannon  
  14  2:37  Pylon  
  14  2:53  Pylon  
  14  2:58  Photon Cannon  
  14  3:11  Photon Cannon  
  14  3:13  Photon Cannon  
  14  3:21  Photon Cannon  
  14  3:23  Pylon  
  14  3:31  Photon Cannon  
  14  3:41  Gateway  
  14  4:08  Nexus  
  14  4:21  Probe, Pylon  
  15  4:33  Probe, Assimilator  
  16  4:40  Assimilator  
  16  4:50  Cybernetics Core  
  16  5:11  Probe (Chrono Boost)  
  18  5:23  Probe (Chrono Boost)  
  18  5:28  Probe (Chrono Boost)  
  19  5:39  Probe x2 (Chrono Boost)  
  19  5:41  Stargate  
  20  5:47  Probe (Chrono Boost)  
  20  5:48  Probe (Chrono Boost)  
  22  5:55  Probe x2 (Chrono Boost)  
  24  5:59  Probe (Chrono Boost), Pylon  
  24  6:00  Probe (Chrono Boost)  
  26  6:10  Probe  
  27  6:15  Probe  
  27  6:16  Stargate  
  28  6:26  Probe  
  28  6:28  Void Ray  
  29  6:37  Probe  
  29  6:39  Probe  
  35  6:49  Probe  
  35  6:50  Assimilator  
  35  6:51  Probe  
  37  6:54  Assimilator  
  37  7:01  Probe, Phoenix  
  38  7:03  Probe  
  41  7:13  Probe, Void Ray  
  41  7:15  Probe  
  47  7:25  Probe  
  47  7:27  Probe  
  49  7:32  Void Ray  
  49  7:37  Probe  
  54  7:58  Probe x2  
  54  8:12  Pylon  
  54  8:15  Pylon  
  60  8:31  Nexus  
  60  8:33  Pylon  
Tags
 
Add a new tag
Caveats
  • Supply blocks, unpowered buildings, or Contaminate may cause inaccurate times.
  • Supply counts are checked every 10 seconds.